 Dungeon Crawl Stone Soup version 0.31-a0-978-g1e143483b6 (webtiles) character file.

Game seed: 8388496703592939505

161 sammy202020 the Trooper (level 5, -1/33 HPs)
             Began as a Gargoyle Berserker on Oct 30, 2023.
             Was a Believer of Trog.
             Slain by an ice beast (3 damage)
             ... on level 4 of the Dungeon.
             The game lasted 00:04:44 (2661 turns).

sammy202020 the Trooper (Gargoyle Berserker)        Turns: 2661, Time: 00:04:44

Health: -1/33      AC:  9    Str: 21    XL:     5   Next: 42%
Magic:  5/5        EV:  8    Int:  9    God:    Trog [**....]
Gold:   152        SH: 11    Dex:  9    Spells: 4/4 levels left

rFire   . . .        a - +0 mace
rCold   . . .        g - +1 tower shield
rNeg    + . .        e - +0 ring mail
rPois   ∞            (no helmet)
rElec   +            (no cloak)
rCorr   .            (no gloves)
SInv    .            (no boots)
Will    .....        (no amulet) Stlth
                     (no ring)
HPRegen 0.25/turn    (no ring)
MPRegen 0.09/turn

%: no passive effects
@: no status effects
A: sickness immunity, AC +4, negative energy resistance 1, electricity
resistance, torment resistance 1, petrification resistance
a: Renounce Religion, Berserk, Trog's Hand


You were on level 4 of the Dungeon.
You worshipped Trog.
Trog was pleased with you.
You visited 1 branch of the dungeon, and saw 4 of its levels.

You collected 152 gold pieces.

Inventory:

Hand Weapons
 a - a +0 mace (weapon)
Armour
 e - a +0 ring mail (worn)
 g - a +1 tower shield (worn)
Wands
 l - a wand of flame (26)
Scrolls
 d - 4 scrolls of noise
 f - 3 scrolls of teleportation
 j - 2 scrolls of amnesia {unknown}
Potions
 b - 3 potions of curing
 c - 2 potions of attraction {unknown}
 h - a potion of cancellation
 i - a potion of degeneration {unknown}
 k - 2 potions of berserk rage


   Skills:
 * Level 4.2 Fighting
 * Level 3.7 Maces & Flails
 * Level 3.5 Armour
 + Level 2.1 Dodging
 * Level 2.0 Shields


You had 4 spell levels left.
You didn't know any spells.
Your spell library was empty.

Dungeon Overview and Level Annotations

Branches:
Dungeon (4/15)
 Temple: D:4-7

Altars:

Shops:
D:4 (


Innate Abilities, Weirdness & Mutations

You are immune to sickness and miasma.
Your stone body is resilient. (AC +4)
You are immune to poison.
You resist negative energy. (rN+)
You are resistant to electric shocks. (rElec)
You are resistant to unholy torment.
You are immune to petrification.


Message History

You see here a +0 mace.
You start waiting.
You feel yourself speed up.
You start waiting.
You recover from your berserk rage.
Found a stone staircase leading up.
Found a stone staircase leading down.
You now have 152 gold pieces (gained 10).
j - a scroll labelled UPOHYP VIOPLO You open the door.
There is an open door here.
l - a wand of flame (26)
j - 2 scrolls labelled UPOHYP VIOPLO (gained 1)
You open the door.
An ice beast comes into view.
Found a green potion.
You hit the ice beast.
The ice beast is lightly wounded.
You block the ice beast's attack.
You closely miss the ice beast.
The ice beast is lightly wounded.
The ice beast hits you. The ice beast freezes you! The ice beast misses you.
You barely miss the ice beast.
The ice beast is lightly wounded.
The ice beast barely misses you.
You hit the ice beast.
The ice beast is lightly wounded.
You block the ice beast's attack. x2
You hit the ice beast.
The ice beast is lightly wounded.
The ice beast hits you but does no damage. x2
You hit the ice beast.
The ice beast is moderately wounded.
The ice beast hits you. The ice beast freezes you.
You hit the ice beast but do no damage.
The ice beast is moderately wounded.
The ice beast hits you. The ice beast freezes you!
* * * LOW HITPOINT WARNING * * *
The ice beast hits you.
You die...

#.....######
#..........#
#..........#
#..........#
#..........#
#..........#
#####
#.....######
......#.....#
.!....Y@....#
......#.....#
..... #.....#
.... #.....#
... #######
.. .


You could see an ice beast.

Vanquished Creatures
  An orc priest (D:4)
  An orc wizard (D:4)
  2 adders
  A worm (D:3)
  2 dart slugs
  2 orcs (D:4)
  4 endoplasms
  4 giant cockroaches
  12 goblins
  8 hobgoblins
  7 jackals (D:3)
  2 quokkas (D:1)
  5 ball pythons
  7 bats
  3 frilled lizards
  3 kobolds
  8 rats
72 creatures vanquished.

Notes
Turn   | Place    | Note
-------+----------+-------------------------------------------
     0 | D:1      | sammy202020 the Gargoyle Berserker began the quest for the
                  | Orb.
     0 | D:1      | Reached XP level 1. HP: 14/14 MP: 1/1
   112 | D:1      | Reached XP level 2. HP: 19/19 MP: 2/2
   402 | D:1      | You fall into a shaft and drop 1 floor!
   697 | D:1      | Reached XP level 3. HP: 24/24 MP: 3/3
   853 | D:2      | Reached ** piety under Trog
   884 | D:2      | Identified the +0 dagger of Qohyxzua {holy, rF- rN++
                  | Will+++}
  1444 | D:2      | Reached skill level 1 in Shields
  1516 | D:2      | Reached XP level 4. HP: 29/29 MP: 4/4
  1842 | D:3      | Reached skill level 4 in Fighting
  2522 | D:4      | Found Luyh's Weapon Shoppe.
  2568 | D:4      | Reached XP level 5. HP: 33/33 MP: 5/5
  2654 | D:4      | Noticed an ice beast
  2661 | D:4      | Slain by an ice beast

Illustrated notes

Levels and vault maps discovered:
D:1:      ldierk_walled_garden, layout_loops_cross
D:2:      kennysheep_the_goblin_king, layout_loops_corners, serial_bayou,
          serial_bayou_shore_a, serial_bayou_pond_d, serial_bayou_lagoon_b,
          serial_bayou_pond_d
D:3:      layout_loops_ring, grunt_ministairs_9, serial_bayou_ford_a,
          serial_bayou_lagoon_a, fountainhead
D:4:      layout_gridville, kennysheep_orc_sif_temple, serial_shops,
          nicolae_book_shop_shelving, shop, nicolae_shop_behind_doors

Skill      XL: |  1  2  3  4  5 |
---------------+----------------+-----
Armour         | 3 |  3.5
Shields        | 1 2 |  2.0
Dodging        | 2 |  2.1
Fighting       | 4 |  4.2
Maces & Flails | |  3.7

Action                     |  1- 3 |  4- 6 || total
---------------------------+-------+-------++-------
  Melee: Mace              |   122 |   135 ||   257
         Punch             |     1 |       ||     1
 Invoke: Berserk           |       |     1 ||     1
         Trog's Hand       |       |     1 ||     1
    Use: Scroll            |     4 |     4 ||     8
 Armour: Animal skin       |    28 |       ||    28
         Ring mail         |    62 |   119 ||   181
  Dodge: Dodged            |    77 |    44 ||   121
  Block: Tower shield      |    66 |   121 ||   187

Table legend: (Time is in decaauts)
 A = Elapsed time spent in this place.
 B = Non-inter-level travel time spent in this place.
 C = Inter-level travel time spent in this place.
 D = Time resting spent in this place.
 E = Time spent auto-exploring this place.
 F = Levels seen in this place.
 G = Mean time per level.
                   A        B        C        D        E       F      G
               +--------+--------+--------+--------+--------+-----+--------+
         Total |   2848 |   2758 |     90 |     49 |   1899 |   4 |  712.0 |
       Dungeon |   2848 |   2758 |     90 |     49 |   1899 |   4 |  712.0 |
               +--------+--------+--------+--------+--------+-----+--------+

Top non-repeatable levels by time:
     D:3: 1026 daAuts
     D:2: 878 daAuts
     D:1: 775 daAuts
     D:4: 168 daAuts
